AoeStats
← ThunderboltX

Fortress

510505552Analyzed
1v1 RM · 21h ago on Oct 1, 2026· 44m 21s· 2 players
Game mode
Random Map
Map size
Small (3 player)
Population
200
Speed
Normal
Resources
Standard
Victory
Conquest
Starting age
Dark Age
Ending age
Imperial Age
RankedLock teamsTeams togetherTeam positionsShared explorationLock speedFull tech treeHidden civsTurbo modeCheats
Victory
Defeat
🇦🇹 Sicilians · Austria
2631
+12
🇧🇬 Bengalis · Bulgaria
2549
-12
ThunderboltX
6:51 Feudal Age
10:43 Castle Age
8:52 Double-Bit Axe
9:13 Horse Collar
11:48 Bow Saw
12:35 Heavy Plow
17:15 Loom
19:30 Wheelbarrow
19:09 Town Watch
20:14 Gold Mining
20:46 Hand Cart
24:49 Imperial Age
22:24 Fletching
22:34 Padded Archer Armor
23:49 Paiks
23:47 Husbandry
24:02 Bodkin Arrow
24:22 Leather Archer Armor
24:29 Ballistics
24:20 Masonry
25:10 Gold Shaft Mining
24:25 Stone Mining
24:53 Scale Barding Armor
24:59 Forging
25:39 Bracer
26:41 Chemistry
25:54 Bloodlines
25:54 Scale Mail Armor
26:11 Bracer
27:09 Conscription
27:45 Ring Archer Armor
27:39 Forging
27:21 Elite Ratha (Ranged)
28:38 Chain Barding Armor
27:39 Light Cavalry
29:21 Iron Casting
31:36 Blast Furnace
31:12 Plate Barding Armor
32:45 Mahayana
37:20 Two-Man Saw
43:38 Guilds
44:19 Siege Engineers
Oni.FreakinAndy
6:43 Feudal Age
10:16 Castle Age
8:34 Double-Bit Axe
8:55 Horse Collar
11:08 Bow Saw
15:45 Town Watch
16:34 Loom
18:31 Wheelbarrow
19:01 Gold Mining
20:45 Sanctity
21:07 Hand Cart
21:25 Stone Mining
22:22 Fletching
26:01 Imperial Age
24:25 Ballistics
23:47 Elite Skirmisher
24:22 Bodkin Arrow
24:28 Padded Archer Armor
25:18 First Crusade
25:05 Scale Mail Armor
25:53 Forging
25:45 Squires
25:50 Heavy Plow
26:45 Masonry
27:11 Gold Shaft Mining
26:47 Bracer
28:04 Chemistry
27:39 Chain Mail Armor
28:30 Conscription
28:24 Arrowslits
28:13 Pikeman
29:19 Leather Archer Armor
29:35 Plate Mail Armor
29:41 Iron Casting
29:48 Halberdier
30:58 Siege Engineers
31:27 Crop Rotation
30:31 Onager
32:21 Hoardings
35:45 Blast Furnace
35:30 Guilds
35:20 Siege Onager
42:25 Elite Serjeant
43:48 Arson
Connection lost

Rejoining the realm…

Still unreachable

The connection could not be restored.

Session expired

The server has moved on; the page needs a fresh start.